 Dungeon Crawl Stone Soup version 0.18.1-48-g4cf74bf (webtiles) character file.

60 FluffyCthulhu the Grave Robber (level 4, -3/34 HPs)
             Began as a Ghoul Necromancer on Aug 30, 2016.
             Slain by Sigmund
             ... wielding a +0 scythe
              (8 damage)
             ... on level 2 of the Dungeon.
             The game lasted 00:31:44 (2791 turns).

FluffyCthulhu the Grave Robber (Ghoul Necromancer)  Turns: 2791, Time: 00:31:45

Health: -3/34      AC:  5    Str:  9 (11) XL:     4   Next: 4%
Magic:  4/6        EV: 17    Int:  9 (11) God:
Gold:   43         SH:  0    Dex: 11 (14) Spells: 3 memorised, 3 levels left

rFire  + . .     SeeInvis +     (no weapon)
rCold  + . .     Gourm    .     a - +1 robe
rNeg   + + +     Faith    .     (no shield)
rPois  ∞         Spirit   .     f - +0 helmet
rElec  .         Dismiss  .     (no cloak)
rCorr  .         Reflect  .     (no gloves)
SustAt .         Harm     .     q - +0 pair of boots
MR     .....                    (no amulet)
Stlth  ++........               e - ring of see invisible
                                h - ring of protection from fire

@: confused, agile, rotting, not resistant to hostile enchantments, unstealthy
A: rotting body, claws 1, carnivore 3, cold resistance 1, negative energy
resistance 3, slow regeneration 1, torment resistance, unbreathing
a: no special abilities


You were on level 2 of the Dungeon.
You were not hungry.

You visited 1 branch of the dungeon, and saw 2 of its levels.

You collected 43 gold pieces.

Inventory:

Missiles
 p - 22 poisoned needles
Armour
 a - a +1 robe (worn)
 f - a +0 helmet (worn)
 q - a +0 pair of boots (worn)
Jewellery
 e - a ring of see invisible (right claw)
 g - an uncursed ring of positive energy
 h - a ring of protection from fire (left claw)
Scrolls
 d - 2 scrolls of remove curse
 j - a scroll of noise
Potions
 m - a potion of lignification
Books
 b - a book of Necromancy

   Spells                             Type                      Level
   a - Pain                           Necromancy                   1
   b - Animate Skeleton               Necromancy                   1
   c - Vampiric Draining              Necromancy                   3
   d - Regeneration                   Charms/Necromancy            3
   e - Animate Dead                   Necromancy                   4
   f - Control Undead                 Necromancy                   4
Comestibles
 c - 2 meat rations
 k - a beef jerky


   Skills:
 + Level 0.4 Fighting
 + Level 2.0 Dodging
 + Level 2.5 Stealth
 + Level 2.5 Spellcasting
 + Level 4.6 Necromancy


You had 3 spell levels left.
You knew the following spells:

 Your Spells              Type           Power        Failure   Level  Hunger
a - Pain                  Necr           #...         6%          1    ##.....
b - Animate Skeleton      Necr           N/A          6%          1    ##.....
c - Regeneration          Chrm/Necr      #.........   43%         3    ####...


Dungeon Overview and Level Annotations

Branches:
Dungeon (2/15)

Altars:
Fedhas

Annotations:
D:2 Sigmund


Innate Abilities, Weirdness & Mutations

Your body is rotting away.
You thrive on raw meat.
You are immune to poison.
You have sharp fingernails.
You are carnivorous and can eat meat at any time.
Your flesh is cold resistant.
You are immune to negative energy.
You regenerate slowly when monsters are visible.
You are immune to unholy pain and torment.
You can survive without breathing.


Message History

Press: ? - help, Shift-Dir - straight line, f/p - Sigmund
Aim: Sigmund, wielding a scythe and wearing a robe (heavily wounded, slightly transparent, chance to defeat MR: 68%) Sigmund convulses in agony!
Sigmund hits you from afar with a scythe.
* * * LOW HITPOINT WARNING * * *
Casting: Pain
Confirm with . or Enter, or press ? or * to list all spells.
Aiming: Pain
Press: ? - help, Shift-Dir - straight line, f/p - Sigmund
Aim: Sigmund, wielding a scythe and wearing a robe (heavily wounded, slightly transparent, chance to defeat MR: 68%) Sigmund convulses in agony!
Sigmund drinks a potion.
Sigmund is healed!
You feel agile all of a sudden. Sigmund casts a spell at you.
You are confused.
You bump into the rock wall.
Sigmund points at you and mumbles some strange words.
You are more confused.
Sigmund hits you from afar with a scythe!
You die...

...### #........####.# #..#
#....####........#.)..# ##.#
.......##..........#### #.#
###.....#.........## #.# #
#.##..##.##.###.# ##.#
###.###...........# ##..#
###..##...).....<(# ###..##
###..##...........# #...## #
#...........@.@.# ##.###
###..###........r.# #..# ##
....## #........<.# ##.## ###.
#..## #..[..>....####..# ###...
..## ###.##...###....#####...#.
### #.##.#.###.##...........
##########.#...........#......#..
.........................######.#
.#.>..###..)........###### #.#


You could see Sigmund and a rat.

Vanquished Creatures
  A worm (D:2)
  2 dart slugs (D:1)
  4 giant geckos
  2 ball pythons (D:1)
  2 giant cockroaches (D:2)
  3 goblins
  5 hobgoblins (D:1)
  2 jackals (D:2)
  10 bats
  A giant newt (D:2)
  3 kobolds
  5 rats
40 creatures vanquished.

Vanquished Creatures (collateral kills)
  An ooze (D:1)
  An orc (D:2)
  A jackal (D:2)
3 creatures vanquished.

Grand Total: 43 creatures vanquished

Notes
Turn   | Place    | Note
--------------------------------------------------------------
     0 | D:1      | FluffyCthulhu the Ghoul Necromancer began the quest for the Orb.
     0 | D:1      | Reached XP level 1. HP: 14/14 MP: 2/2
     3 | D:1      | Learned a level 1 spell: Animate Skeleton
   278 | D:1      | Reached XP level 2. HP: 19/19 MP: 0/4
   816 | D:1      | Reached XP level 3. HP: 18/26 MP: 0/5
  1191 | D:1      | Learned a level 3 spell: Regeneration
  1872 | D:2      | HP: 1/26 [worm (4)]
  1877 | D:2      | HP: 1/26 [worm (1)]
  2516 | D:2      | Reached XP level 4. HP: 29/33 MP: 3/6
  2651 | D:2      | Found a blossoming altar of Fedhas.
  2700 | D:2      | Noticed Sigmund
  2791 | D:2      | Slain by Sigmund

Skill      XL: |  1  2  3 |
---------------+----------+-----
Spellcasting   | 2 |  2.5
Dodging        | 2 |  2.0
Fighting       | |  0.4
Stealth        | |  2.5
Necromancy     | |  4.6

Action                   |  1- 3 |  4- 6 || total
-------------------------+-------+-------++-------
Melee: Unarmed           |    41 |       ||    41
 Cast: Pain              |    90 |    13 ||   103
       Animate Skeleton  |     3 |       ||     3
  Use: Potion            |     9 |     1 ||    10
       Scroll            |     4 |     1 ||     5
  Eat: Chunk             |    18 |     2 ||    20
       Meat ration       |     1 |       ||     1
Armor: Robe              |    42 |     1 ||    43
Dodge: Dodged            |    84 |     9 ||    93
